 Dungeon Crawl Stone Soup version 0.30-a0-341-g682706514a (webtiles) character file.

Game seed: 17407526607427994297

54 Bravis the Ducker (level 3, -2/26 HPs)
             Began as a Gnoll Wanderer on Nov 2, 2022.
             Shot with a sling bullet by a goblin (6 damage)
             ... led by Robin
             ... on level 2 of the Dungeon.
             The game lasted 00:03:53 (1001 turns).

Bravis the Ducker (Gnoll Wanderer)                  Turns: 1001, Time: 00:03:53

Health: -2/26      AC:  3    Str:  9    XL:     3   Next: 91%
Magic:  7/7        EV: 11    Int: 16    God:
Gold:   3          SH:  6    Dex: 10    Spells: 6/7 levels left

rFire   . . .      SeeInvis .    a - +0 hand axe (flame)
rCold   . . .      Faith    .    e - +0 kite shield
rNeg    . . .      Spirit   .    d - +0 robe
rPois   .          Reflect  .    (no helmet)
rElec   .          Harm     .    b - +0 cloak
rCorr   +          Rampage  .    (no gloves)
Will    .....                    (no boots)
Stlth   ++........               (no amulet)
HPRegen 0.24/turn                f - ring of resist corrosion
MPRegen 0.10/turn                (no ring)

@: mighty
A: fangs 1, strong nose, distributed training
a: no special abilities


You were on level 2 of the Dungeon.
You visited 1 branch of the dungeon, and saw 2 of its levels.

You collected 3 gold pieces.

Inventory:

Hand Weapons
 a - a +0 hand axe of flaming (weapon)
Armour
 b - a +0 cloak (worn)
 d - a +0 robe (worn)
 e - a +0 kite shield (worn)
Jewellery
 f - a ring of resist corrosion (left hand)
Potions
 g - a potion of invisibility {unknown}
 h - a potion of magic {unknown}
 i - a potion of brilliance {unknown}


   Skills:
 + Level 1.0 Fighting
 + Level 1.0 Short Blades
 + Level 1.0 Long Blades
 + Level 4.6 Axes
 + Level 1.0 Maces & Flails
 + Level 1.0 Polearms
 + Level 1.0 Staves
 + Level 1.0 Ranged Weapons
 + Level 1.0 Throwing
 + Level 2.7 Armour
 + Level 4.6 Dodging
 + Level 4.2 Stealth
 + Level 1.0 Shields
 + Level 1.0 Unarmed Combat
 + Level 2.9 Spellcasting
 + Level 0.7 Conjurations
 + Level 3.8 Hexes
 + Level 0.7 Summonings
 + Level 0.7 Necromancy
 + Level 0.7 Translocations
 + Level 0.7 Transmutations
 + Level 0.7 Fire Magic
 + Level 0.7 Ice Magic
 + Level 0.7 Air Magic
 + Level 0.7 Earth Magic
 + Level 0.7 Poison Magic
 + Level 1.1 Invocations
 + Level 1.0 Evocations


You had 6 spell levels left.
You knew the following spells:

 Your Spells              Type           Power      Damage    Failure   Level
a - Slow                  Hex            56%        N/A       14%         1

Your spell library contained the following spells:

 Spells                   Type           Power      Damage    Failure   Level
 Confusing Touch          Hex            14%        N/A       38%         3
 Anguish                  Hex/Necr       4%         N/A       94%         4


Dungeon Overview and Level Annotations

Branches:
Dungeon (2/15)

Altars:

Annotations:
D:1 2 transporters


Innate Abilities, Weirdness & Mutations

You have very sharp teeth.
Your uncanny sense of smell can sniff out nearby items.
Your experience applies equally to all skills.


Message History

Your Shields skill increases to level 1!
Your Unarmed Combat skill increases to level 1!
Your Evocations skill increases to level 1!
You hit the rat. You burn the rat.
You kill the rat!
You hit the jackal. You burn the jackal.
You kill the jackal!
An adder comes into view.
The goblin unwields a +0 club.
The goblin wields a +0 sling.
The goblin shoots a sling bullet.
The sling bullet completely misses you.
The sling bullet barely misses the goblin.
The adder hisses angrily.
You slash the goblin! You burn the goblin.
You kill the goblin!
You hit the jackal but do no damage. You block the jackal's attack.
The jackal barely misses you.
The jackal bites you but does no damage.
You barely miss the jackal. You slash the jackal! You burn the jackal.
You kill the jackal!
The jackal bites you. You block the goblin's attack.
You closely miss the jackal. Your bite misses the jackal.
You closely miss the goblin. The jackal closely misses you. x2
The goblin barely misses you.
You slash the goblin! You burn the goblin.
You kill the goblin!
You slash the jackal! You burn the jackal.
You kill the jackal!
The goblin shoots a sling bullet.
The sling bullet completely misses you.
The sling bullet barely misses the goblin.
You slash the goblin! You burn the goblin.
You kill the goblin!
You barely miss the goblin. You block the goblin's attack.
The goblin hits you with a +2 dagger of protection.
* * * LOW HITPOINT WARNING * * *
The goblin misses you.
You slash the goblin! You burn the goblin.
You kill the goblin!
You barely miss the goblin.
The goblin shoots a sling bullet.
The sling bullet hits you.
You die...

##### ....# ....#
#####....#
#g)@gg...#
######g###....#
#.....g..gg....###
........hg<.......
...(...g.gg..##...
......gg....## #
.....!..gh.h#
.......~..~.#
...~~..~r.g~~


You could see a hobgoblin and 4 goblins.

Vanquished Creatures
  Robin (D:2)
  A dart slug (D:1)
  3 ball pythons (D:1)
  3 endoplasms (D:1)
  2 giant cockroaches (D:1)
  3 hobgoblins
  6 jackals (D:2)
  3 frilled lizards (D:1)
  8 goblins
  5 kobolds (D:1)
  5 rats
40 creatures vanquished.

Notes
Turn   | Place    | Note
-------+----------+-------------------------------------------
     0 | D:1      | Bravis the Gnoll Wanderer began the quest for the Orb.
     0 | D:1      | Bravis set off with the following items: a +0 hand axe, a
                  | +0 cloak, a potion of might, a +0 robe; and the following
                  | spell memorised: Slow; and the following spells available
                  | to memorise: Confusing Touch, Anguish.
     0 | D:1      | Reached XP level 1. HP: 13/13 MP: 4/4
   137 | D:1      | Reached XP level 2. HP: 16/19 MP: 5/5
   675 | D:1      | Reached XP level 3. HP: 16/25 MP: 7/7
   974 | D:2      | Noticed Robin
   990 | D:2      | Killed Robin
   991 | D:2      | Reached skill level 1 in Invocations
   995 | D:2      | Reached skill level 1 in Fighting
   995 | D:2      | Reached skill level 1 in Short Blades
   995 | D:2      | Reached skill level 1 in Long Blades
   995 | D:2      | Reached skill level 1 in Maces & Flails
   995 | D:2      | Reached skill level 1 in Polearms
   995 | D:2      | Reached skill level 1 in Staves
   995 | D:2      | Reached skill level 1 in Ranged Weapons
   995 | D:2      | Reached skill level 1 in Throwing
   995 | D:2      | Reached skill level 1 in Shields
   995 | D:2      | Reached skill level 1 in Unarmed Combat
   995 | D:2      | Reached skill level 1 in Evocations
  1001 | D:2      | Shot with a sling bullet by a goblin

Illustrated notes

Levels and vault maps discovered:
D:1:      spicycebolla_arrival_transporter_tutorial, layout_loops_ring,
          serial_aquarium, aquarium_bridge_island_small
          [aquarium_subvault_small_water, aquarium_subvault_wall,
          aquarium_subvault_bridge, aquarium_subvault_wall,
          aquarium_subvault_bridge], aquarium_window_corner, aquarium_window_3,
          aquarium_window_1, aquarium_window_fake, aquarium_view_2f,
          aquarium_balcony_1b, aquarium_pool_four
D:2:      cheibrodos_helix_gallery, layout_basic, uniq_robin, uniq_jessica,
          uniq_natasha

Skill      XL: |  1  2  3 |
---------------+----------+-----
Invocations    | 1 |  1.1
Fighting       | 1 |  1.0
Short Blades   | 1 |  1.0
Long Blades    | 1 |  1.0
Maces & Flails | 1 |  1.0
Polearms       | 1 |  1.0
Staves         | 1 |  1.0
Ranged Weapons | 1 |  1.0
Throwing       | 1 |  1.0
Shields        | 1 |  1.0
Unarmed Combat | 1 |  1.0
Evocations     | 1 |  1.0
Axes           | |  4.6
Armour         | |  2.7
Dodging        | |  4.6
Stealth        | |  4.2
Spellcasting   | |  2.9
Conjurations   | |  0.7
Hexes          | |  3.8
Summonings     | |  0.7
Necromancy     | |  0.7
Translocations | |  0.7
Transmutations | |  0.7
Fire Magic     | |  0.7
Ice Magic      | |  0.7
Air Magic      | |  0.7
Earth Magic    | |  0.7
Poison Magic   | |  0.7

Action                   || total
-------------------------++-------
Melee: Hand axe          ||    92
       Bite              ||     5
  Use: Scroll            ||     4
       Potion            ||     1
 Stab: Sleeping          ||     6
Armor: Robe              ||    17
Dodge: Dodged            ||    51
Block: Kite shield       ||    20

Table legend: (Time is in decaauts)
 A = Elapsed time spent in this place.
 B = Non-inter-level travel time spent in this place.
 C = Inter-level travel time spent in this place.
 D = Time resting spent in this place.
 E = Time spent auto-exploring this place.
 F = Levels seen in this place.
 G = Mean time per level.
                   A        B        C        D        E       F      G
               +--------+--------+--------+--------+--------+-----+--------+
         Total |   1017 |   1004 |     13 |      0 |    781 |   2 |  508.5 |
       Dungeon |   1017 |   1004 |     13 |      0 |    781 |   2 |  508.5 |
               +--------+--------+--------+--------+--------+-----+--------+

Top non-repeatable levels by time:
     D:1: 985 daAuts
     D:2: 31 daAuts
